 Dungeon Crawl Stone Soup version 0.22-a0-379-ga9d99d6 (webtiles) character file.

30 JeffiDaFish the Grave Robber (level 3, -2/23 HPs)
             Began as a Draconian Necromancer on Apr 28, 2018.
             Slain by Terence
             ... wielding a +0 trident
              (7 damage)
             ... on level 2 of the Dungeon.
             The game lasted 00:02:18 (1511 turns).

JeffiDaFish the Grave Robber (DrNe)                 Turns: 1511, Time: 00:02:19

Health: -2/23      AC:  5    Str: 10    XL:     3   Next: 3%
Magic:  2/6        EV: 12    Int: 16    God:
Gold:   52         SH:  0    Dex: 11    Spells: 6/7 levels left

rFire    . . .     SeeInvis .   c - +0 dagger
rCold    . . .     Gourm    .   (no shield)
rNeg     . . .     Faith    .   (armour unavailable)
rPois    .         Spirit   .   (helmet restricted)
rElec    .         Reflect  .   (no cloak)
rCorr    .         Harm     .   (no gloves)
MR       .....                  (no boots)
Stlth    ++........             (no amulet)
HPRegen  0.07/turn              (no ring)
MPRegen  0.10/turn              (no ring)

@: no status effects
A: unfitting armour, talons 1, frail 1, low mp 1, cold-blooded, AC +5
a: no special abilities


You were on level 2 of the Dungeon.
You were not hungry.

You visited 1 branch of the dungeon, and saw 2 of its levels.

You collected 52 gold pieces.

Inventory:

Hand Weapons
 c - a +0 dagger (weapon)
Comestibles
 b - 2 rations


   Skills:
 - Level 2.0 Dodging
 - Level 1.7 Stealth
 + Level 2.6 Spellcasting
 + Level 4.4 Necromancy


You had 6 spell levels left.
You knew the following spells:

 Your Spells              Type           Power        Failure   Level  Hunger
a - Pain                  Necr           ###.         3%          1    #......


Dungeon Overview and Level Annotations

Branches:
Dungeon (2/15)

Altars:
Nemelex Xobeh

Annotations:
D:2 Terence


Innate Abilities, Weirdness & Mutations

Your plain brown scales are hard. (AC +5)
You cannot fit into any form of body armour.
You are cold-blooded and may be slowed by cold attacks.
You have sharp toenails.
You are frail. (-10% HP)
Your magical capacity is low. (-10% MP)


Message History

Terence writhes in agony!
Terence closely misses you. The kobold barely misses you.
A dart slug comes into view.
The dart slug launches a dart at you. The slug dart hits you!
The kobold closely misses you.
Terence bares his teeth.
Terence says, "You're history."
The dart slug launches a dart at you. The slug dart hits you!
* * * LOW HITPOINT WARNING * * *
You barely miss the kobold. You claw the kobold.
Your tail-slap misses the kobold.
The kobold is severely wounded.
Terence says, "How do you enjoy it?" The kobold misses you.
You hit the kobold.
You kill the kobold!
Terence hits you from afar with a trident!
You die...

#...(......#..........###.##...
##....#...##......w.#.# #
####.######........#r###.# #.#
#........#.....# #.#
#........#@.##.# #.#
#....>..@#..# #.# #####@##....#
#.# #†##..#.# #.# #@##....# #.#
#.#..#### #.# #.#.## #####.##
.... .......# #.# .....
######># #.# ..... # #.#
#.#...... # #.## #!#.......
######..# #.#....<.


You could see Terence and a dart slug.

Vanquished Creatures
  An adder (D:2)
  An ooze (D:2)
  A leopard gecko (D:1)
  5 goblins
  A hobgoblin (D:2)
  A ball python (D:1)
  A bat (D:1)
  A frilled lizard (D:1)
  4 kobolds
  2 rats (D:1)
18 creatures vanquished.

Notes
Turn   | Place    | Note
-------+----------+-------------------------------------------
     0 | D:1      | JeffiDaFish the Draconian Necromancer began the quest for the Orb.
     0 | D:1      | Reached XP level 1. HP: 14/14 MP: 3/3
   745 | D:1      | Gained mutation: You are frail. (-10% HP) [potion of mutation]
   745 | D:1      | Gained mutation: Your magical capacity is low. (-10% MP) [potion of mutation]
   745 | D:1      | Gained mutation: You have sharp toenails. [potion of mutation]
   811 | D:1      | Reached XP level 2. HP: 17/18 MP: 1/4
  1231 | D:2      | Found a sparkling altar of Nemelex Xobeh.
  1452 | D:2      | Noticed Terence
  1465 | D:2      | Reached XP level 3. HP: 14/23 MP: 1/6
  1511 | D:2      | Slain by Terence

Vault maps used:
D:1:      dpeg_arrival_arbitrary_c, hangedman_abyss_or_decor_stabs
D:2:      nemelex_lonely_heart_becter, uniq_terence

Skill      XL: |  1 |
---------------+----+-----
Dodging        | 2 |  2.0
Stealth        | |  1.7
Spellcasting   | |  2.6
Necromancy     | |  4.4

Action                   || total
-------------------------++-------
Melee: Unarmed           ||     5
       Dagger            ||     6
       Kick              ||     2
 Cast: Pain              ||    32
  Use: Scroll            ||     4
       Potion            ||     4
  Eat: Chunk             ||     2
Armor: Skin              ||     2
Dodge: Dodged            ||    17

Table legend:
 A = Spawn XP
 B = Non-spawn XP
 C = Spawn XP percentage of total XP
 D = Spawn monster count
 E = Non-spawn monster count
 F = Spawn count percentage of total count
 G = Total turns spent on level
                    A         B        C        D         E        F      G
               +---------+---------+-------+---------+---------+-------+---------
         Total |       0 |      43 |   0.0 |       0 |      18 |   0.0 |  1511
               +---------+---------+-------+---------+---------+-------+---------
           D:1 |       0 |      17 |   0.0 |       0 |      12 |   0.0 |  1107
           D:2 |       0 |      26 |   0.0 |       0 |       6 |   0.0 |   404
               +---------+---------+-------+---------+---------+-------+---------
